 Dungeon Crawl Stone Soup version 0.29.1-13-g9f3cf754e1 (webtiles) character file.

Game seed: 107910039468432395

3527 LLlMATKO the Fighter (level 9, -10/123 HPs)
             Began as a Minotaur Berserker on Feb 3, 2023.
             Was an Elder of Trog.
             Mangled by Erica
             ... wielding a +2 scimitar of flaming
              (13 damage)
             ... on level 8 of the Dungeon on Feb 11, 2023.
             The game lasted 00:10:15 (7884 turns).

LLlMATKO the Fighter (Minotaur Berserker)           Turns: 7884, Time: 00:10:16

Health: -10/123    AC: 14    Str: 31    XL:     9   Next: 82%
Magic:  8/8        EV: 10    Int:  4    God:    Trog [****..]
Gold:   289        SH:  9    Dex: 11    Spells: 8/8 levels left

rFire   . . .      SeeInvis .   y - +0 broad axe
rCold   . . .      Faith    .   A - +0 kite shield
rNeg    . . .      Spirit   .   n - +0 chain mail
rPois   .          Reflect  .   (helmet restricted)
rElec   .          Harm     .   (no cloak)
rCorr   .          Rampage  .   s - +1 pair of gloves
Will    .....                   r - +0 pair of boots
Stlth   ..........              (no amulet)
HPRegen 0.30/turn               w - +6 ring of strength
MPRegen 0.11/turn               (no ring)

@: berserking, lethally poisoned (-10 -> -14), slowed
A: horns 2, retaliatory headbutt
a: Renounce Religion, Berserk, Trog's Hand, Brothers in Arms


You were on level 8 of the Dungeon.
You worshipped Trog.
Trog was greatly pleased with you.
You visited 1 branch of the dungeon, and saw 8 of its levels.

You collected 470 gold pieces.
You spent 181 gold pieces at shops.

Inventory:

Hand Weapons
 y - a +0 broad axe (weapon)
Missiles
 o - 2 atropa-tipped darts (quivered)
 u - 2 silver boomerangs
 z - 5 boomerangs
 C - 21 poisoned darts
 G - a curare-tipped dart
Armour
 n - a +0 chain mail (worn)
 r - a +0 pair of boots (worn)
 s - a +1 pair of gloves (worn)
 A - a +0 kite shield (worn)
Jewellery
 w - a +6 ring of strength (left hand)
 B - a ring of positive energy
Wands
 D - a wand of light (9)
Scrolls
 e - 4 scrolls of magic mapping {unknown}
 g - 3 scrolls of poison {unknown}
 h - 2 scrolls of fear {unknown}
 i - 3 scrolls of enchant weapon {unknown}
 j - a scroll of enchant armour {unknown}
 k - 2 scrolls of immolation {unknown}
 l - 3 scrolls of blinking {unknown}
 m - 3 scrolls of identify {unknown}
 E - a scroll of teleportation {unknown}
 F - a scroll of noise {unknown}
Potions
 a - 2 potions of mutation {unknown}
 b - a potion of degeneration {unknown}
 c - 4 potions of brilliance {unknown}
 d - 4 potions of curing {unknown}
 f - a potion of heal wounds
 p - 2 potions of flight {unknown}
 q - a potion of lignification {unknown}
 t - 2 potions of haste {unknown}
 v - 2 potions of invisibility {unknown}
 x - a potion of might {unknown}


   Skills:
 + Level 8.6 Fighting
 + Level 8.5 Axes
 + Level 8.1 Armour
 + Level 7.4 Dodging
 + Level 6.5 Shields


You had 8 spell levels left.
You didn't know any spells.
Your spell library was empty.

Dungeon Overview and Level Annotations

Branches:
Dungeon (8/15)             Temple (0/1) D:5
   Lair: D:8-11

Altars:
Dithmenos
Makhleb
Ru
Sif Muna
Trog

Shops:
D:4 [[   D:7 *!([(

Annotations:
D:8 Erica


Innate Abilities, Weirdness & Mutations

You have a pair of horns on your head.
You reflexively headbutt those who attack you in melee.


Message History

You feel sick. Erica gestures at you while chanting.
The bolt of poison hits you!!!
You are more poisoned.
* * * LOW HITPOINT WARNING * * *
You barely miss Erica. Your headbutt misses Erica.
Erica is moderately wounded.
You feel very sick.
Erica hits you with a +2 scimitar of flaming!
* * * LOW HITPOINT WARNING * * *
Erica burns you.
* * * LOW HITPOINT WARNING * * *
Erica barely misses you.
You hit Erica. You headbutt Erica.
Erica is heavily wounded.
* * * LOW HITPOINT WARNING * * *
You feel very sick. You block Erica's attack.
Unknown command.
You completely miss Erica.
Erica is heavily wounded.
* * * LOW HITPOINT WARNING * * *
You feel very sick. You block Erica's attack.
Unknown command.
You closely miss Erica.
Erica is heavily wounded.
* * * LOW HITPOINT WARNING * * *
You feel very sick.
Erica hits you with a +2 scimitar of flaming.
* * * LOW HITPOINT WARNING * * *
Erica burns you.
* * * LOW HITPOINT WARNING * * *
Erica gestures wildly while chanting.
Erica flickers and vanishes!
Deactivating autopickup; reactivate with Ctrl-A.
You closely miss something.
* * * LOW HITPOINT WARNING * * *
You feel sick. Something hits you!
You die...

############
####..........# ###
#.....{@.# #. #..
#.##.###.####. ##.#
#...........##.#######...
#..##.###.#.##...........
#.......[................
#..##.###.####.......##..
#..##.# #.# #..........#.
#..##.# #.# #........##..
#..##.###.###.#.....#####


There were no monsters in sight!

Vanquished Creatures
  The ghost of Yolobob the Firebug, an amateur DEFE (D:3)
  A steam dragon (D:7)
  Duvessa (D:5)
  Edmund (D:6)
  A sky beast (D:7)
  3 black bears (D:5)
  2 orc warriors (D:8)
  2 ogres (D:4)
  An ice beast (D:6)
  4 centaurs
  3 kobold brigands
  A gnoll sergeant (D:7)
  2 bullfrogs (D:7)
  2 scorpions (D:5)
  A necrophage (D:8)
  9 wights
  Dowan (D:5)
  A howler monkey (D:4)
  2 jellies
  A gnoll bouda (D:5)
  2 hounds
  2 orc priests
  3 iguanas
  7 orc wizards
  Robin (D:4)
  11 gnolls
  4 adders
  3 shadow imps
  A white imp (D:8)
  4 worms
  3 dart slugs (D:1)
  23 orcs
  4 bats
  4 endoplasms
  5 giant cockroaches
  9 goblins
  11 hobgoblins
  5 jackals
  21 kobolds
  4 quokkas
  6 ball pythons
  4 frilled lizards
  8 rats
  2 butterflies (D:5)
187 creatures vanquished.

Notes
Turn   | Place    | Note
-------+----------+-------------------------------------------
     0 | D:1      | LLlMATKO the Minotaur Berserker began the quest for the
                  | Orb.
     0 | D:1      | Reached XP level 1. HP: 19/19 MP: 0/0
    42 | D:1      | Reached XP level 2. HP: 7/27 MP: 1/1
   751 | D:1      | Reached XP level 3. HP: 33/33 MP: 2/2
   959 | D:2      | Reached ** piety under Trog
  1184 | D:2      | Reached XP level 4. HP: 27/40 MP: 3/3
  1862 | D:3      | Found a burning altar of Makhleb.
  2124 | D:3      | Found a faded altar of an unknown god.
  2219 | D:3      | Found a shimmering blue altar of Sif Muna.
  2398 | D:3      | Found a large runed translucent door.
  2400 | D:3      | Found a large runed translucent door.
  2434 | D:3      | Noticed Yolobob's ghost (amateur DEFE)
  2478 | D:3      | Killed Yolobob's ghost
  2479 | D:3      | Reached skill level 5 in Fighting
  2479 | D:3      | Reached skill level 5 in Axes
  2479 | D:3      | Reached XP level 5. HP: 48/48 MP: 4/4
  2479 | D:3      | Reached XP level 6. HP: 56/56 MP: 5/5
  2532 | D:4      | Found Pijaloor's Armour Emporium.
  2537 | D:4      | Bought a +2 buckler for 181 gold pieces
  2586 | D:4      | Reached skill level 1 in Shields
  2681 | D:4      | Found Foagaag's Antique Armour Emporium.
  2809 | D:4      | Noticed Robin
  2814 | D:4      | Killed Robin
  2877 | D:4      | Reached *** piety under Trog
  3303 | D:4      | Reached XP level 7. HP: 61/61 MP: 6/6
  3308 | D:4      | Reached skill level 5 in Armour
  3639 | D:5      | Entered Level 5 of the Dungeon
  3639 | D:5      | Found a staircase to the Ecumenical Temple.
  3741 | D:5      | Noticed Duvessa
  3741 | D:5      | Noticed Dowan
  3746 | D:5      | Killed Duvessa
  3747 | D:5      | Reached skill level 5 in Dodging
  3769 | D:5      | Killed Dowan
  3955 | D:5      | Found a bloodstained altar of Trog.
  3996 | D:5      | Reached XP level 8. HP: 64/71 MP: 7/7
  5075 | D:6      | Found a sacrificial altar of Ru.
  5143 | D:6      | Noticed Edmund
  5148 | D:6      | Killed Edmund
  5530 | D:6      | Reached **** piety under Trog
  5798 | D:6      | Reached skill level 5 in Shields
  5831 | D:6      | Found a shadowy altar of Dithmenos.
  5837 | D:6      | Reached XP level 9. HP: 79/79 MP: 8/8
  5993 | D:7      | Found Hoeple Koi's Distillery.
  6624 | D:7      | Found Juruesap's Weapon Shoppe.
  6635 | D:7      | Found Fux Soal's Antique Armour Shoppe.
  6884 | D:7      | Found Ojaqo's General Store.
  7273 | D:7      | Found Ufehay's Weapon Shop.
  7875 | D:8      | Noticed Erica
  7883 | D:8      | HP: 5/123 [Erica/+2 scimitar of flaming (3)]
  7884 | D:8      | Mangled by Erica

Illustrated notes

Levels and vault maps discovered:
D:1:      heliophobic_arrival_henge, layout_rooms, st_stairs_14
D:2:      layout_loops_ring
D:3:      layout_basic, overflow_temple_1_default, lemuel_blue_sif_altar,
          ebering_ghost_disaster_area, ebering_ecumenical_altar_box,
          minmay_vboxes
D:4:      layout_gridville, serial_shops, nicolae_shop_statue_plus,
          nicolae_stop_n_shop_2, uniq_robin
D:5:      dreamdust_elfheim, layout_basic, trog_ov_bears_minmay,
          minmay_temple_entry_butterflies, st_stairs_3
D:6:      layout_loops_ring, nicolae_dithmenos_shadow_blocks,
          nicolae_ru_great_annihilating_truth, uniq_edmund
D:7:      layout_basic, serial_shops, nicolae_lakefront_shop,
          nicolae_stop_n_shop_2, shop, shop, nicolae_shop_crystal,
          amcnicky_mini_rare_corridor_liquid, uniq_duvessa
D:8:      layout_loops_ring, uniq_erica

Skill      XL: |  1  2  3  4  5  6  7  8  9 |
---------------+----------------------------+-----
Axes           | 4 5 6 7 8 |  8.5
Fighting       | 4 5 6 7 8 |  8.6
Armour         | 3 4 5 6 8 |  8.1
Dodging        | 3 4 5 6 7 |  7.4
Shields        | 1 3 5 6 |  6.5

Action                   |  1- 3 |  4- 6 |  7- 9 || total
-------------------------+-------+-------+-------++-------
Melee: Hand axe          |    56 |    87 |       ||   143
       Headbutt          |    11 |    16 |    43 ||    70
       Punch             |       |     1 |       ||     1
       Broad axe         |       |    31 |   264 ||   295
Throw: Dart              |       |    17 |    22 ||    39
Invok: Berserk           |     2 |     1 |     4 ||     7
       Trog's Hand       |       |     1 |       ||     1
 Stab: Sleeping          |     2 |       |       ||     2
       Invisible         |       |     1 |       ||     1
       Paralysed         |       |       |     1 ||     1
Armor: Animal skin       |     9 |       |       ||     9
       Scale mail        |    20 |       |       ||    20
       Chain mail        |       |    53 |   155 ||   208
Dodge: Dodged            |    55 |    45 |   114 ||   214
Block: Buckler           |       |    18 |    25 ||    43
       Kite shield       |       |       |   106 ||   106
